 Dungeon Crawl Stone Soup version 0.19.5 (webtiles) character file.

1267 RaHiT the Conjurer (level 8, -3/52 HPs)
             Began as a Mummy Conjurer on Apr 9, 2017.
             Slain by an orc warrior
             ... wielding a cursed +0 mace
              (18 damage)
             ... on level 5 of the Dungeon.
             The game lasted 00:32:43 (8318 turns).

RaHiT the Conjurer (Mummy Conjurer)                 Turns: 8318, Time: 00:32:43

Health: -3/52      AC:  4    Str: 11    XL:     8   Next: 27%
Magic:  3/16       EV: 15    Int: 17    God:
Gold:   295        SH:  5    Dex: 12    Spells: 4 memorised, 6 levels left

rFire  x . .     SeeInvis .     f - -1 short sword (curse)
rCold  + . .     Gourm    .     a - +0 robe
rNeg   + + +     Faith    .     c - +0 buckler
rPois  ∞         Spirit   .     (no helmet)
rElec  .         Reflect  .     g - +0 cloak
rCorr  .         Harm     .     s - +0 pair of gloves
MR     +....                    (no boots)
Stlth  ++........               (no amulet)
                                (no ring)
                                p - +3 ring of evasion (curse)

@: no status effects
A: no food or potions, fire vulnerability, cold resistance 1, negative energy
resistance 3, torment resistance, unbreathing
a: no special abilities


You were on level 5 of the Dungeon.
You were not hungry.

You visited 2 branches of the dungeon, and saw 7 of its levels.

You collected 295 gold pieces.

Inventory:

Hand Weapons
 d - a cursed -1 mace
 f - a cursed -1 short sword (weapon)
 h - a +1 scythe of venom
 i - a cursed +0 trident
 k - a cursed -3 short sword
 o - a +2 vampiric rapier
Armour
 a - a +0 robe (worn)
 c - a +0 buckler (worn)
 g - a +0 cloak (worn)
 j - a +2 leather armour of fire resistance
 r - the +3 leather armour of Impressiveness {*Corrode +Fly Int+3 Dex+4}
   (You found it on level 5 of the Dungeon)

   It affects your intelligence (+3).
   It affects your dexterity (+4).
   It lets you fly.
   It may corrode you when you take damage.
 s - a +0 pair of gloves (worn)
Jewellery
 n - an uncursed ring of ice
 p - a cursed +3 ring of evasion (left hand)
Scrolls
 e - 3 scrolls of noise
 l - 3 scrolls of teleportation
 m - a scroll of remove curse
 t - a scroll of recharging
Books
 b - a book of Conjurations

   Spells                             Type                      Level
   a - Magic Dart                     Conjuration                  1
   b - Searing Ray                    Conjuration                  2
   c - Dazzling Spray                 Conjuration/Hexes            3
   d - Fulminant Prism                Conjuration/Hexes            4
   e - Iskenderun's Mystic Blast      Conjuration                  4
   f - Iskenderun's Battlesphere      Conjuration/Charms           5


   Skills:
 - Level 1.5 Dodging
 - Level 1.5 Stealth
 - Level 4.0 Shields
 * Level 5.8 Spellcasting
 - Level 6.1 Conjurations


You had 6 spell levels left.
You knew the following spells:

 Your Spells              Type           Power        Failure   Level  Hunger
a - Magic Dart            Conj           ####         1%          1    N/A
b - Iskenderun's Mystic   Conj           ####....     12%         4    N/A
c - Iskenderun's Battles  Conj/Chrm      ###.....     89%         5    N/A
q - Searing Ray           Conj           ####..       1%          2    N/A

Dungeon Overview and Level Annotations

Branches:
Dungeon (6/15)             Temple (1/1) D:4

Altars:
Dithmenos
Elyvilon
Fedhas
Gozag
Hepliaklqana
Kikubaaqudgha
Makhleb
Nemelex Xobeh
Okawaru
Sif Muna
Trog
Uskayaw
Xom
Yredelemnul
Jiyva

Shops:
D:6 %


Innate Abilities, Weirdness & Mutations

You do not eat or drink.
Your flesh is vulnerable to fire.
You are immune to poison.
Your flesh is cold resistant. (rC+)
You are immune to negative energy. (rN+++)
You are immune to unholy pain and torment.
You can survive without breathing.


Message History

The orc warrior hits you with a mace!
* * * LOW HITPOINT WARNING * * *
The searing ray hits the orc warrior.
The orc warrior is severely wounded.
You finish channeling your searing ray.
The orc warrior hits you but does no damage.
Casting: Searing Ray
Confirm with . or Enter, or press ? or * to list all spells.
Aiming: Searing Ray
Press: ? - help, Shift-Dir - straight line, f/p - orc warrior
Aim: an orc warrior, wielding a mace and wearing a plate armour (severely wounded)
The searing ray hits the orc warrior.
The orc warrior is severely wounded. (Press . to maintain the ray.)
You block the orc warrior's attack.
The searing ray misses the orc warrior.
You block the orc warrior's attack.
The searing ray hits the orc warrior.
The orc warrior is severely wounded.
The orc warrior hits you with a mace!!
You die...

###.# #.####...#####......... #.#
#.#.........##.........
###.#######.#..........#......⌠..
............#..........#.........
###.############...###.#......(..
#.# #...# #.'...⌠..⌠[. #.# #...#
###......).. ###.##############.#
#......... ...............o@..#
#......⌠.. ##.#################
#......... #.# #......... #.#
################......... #.#
#...<..........########## #.#
#.############## #.# #!# #.# #.#
#.# #.#


You could see an orc warrior.

Vanquished Creatures
  Sigmund (D:2)
  Eustachio (D:4)
  A phantom (D:5)
  2 ogres (D:4)
  The ghost of Sanvar the Changer, an amateur OpTm (D:3)
  A bullfrog (D:6)
  A crimson imp (D:5)
  A centaur skeleton (D:4)
  2 orc priests
  An iguana (D:5)
  Natasha (thrice) (D:3)
  5 orc wizards
  A worker ant (D:4)
  A mummy (D:4)
  A worker ant zombie (D:5)
  4 adders
  A shadow imp (D:5)
  2 oozes
  An adder zombie (D:5)
  4 worms
  3 dart slugs
  5 leopard geckos
  21 orcs
  3 giant cockroaches
  4 goblins
  7 hobgoblins
  4 jackals (D:3)
  2 quokkas (D:5)
  6 bats
  6 frilled lizards
  A hobgoblin zombie (D:4)
  10 kobolds
  2 kobold zombies (D:4)
  A leopard gecko skeleton (D:4)
  A leopard gecko zombie (D:5)
  An orc zombie (D:4)
  15 rats
127 creatures vanquished.

Notes
Turn   | Place    | Note
-------+----------+-------------------------------------------
     0 | D:1      | RaHiT the Mummy Conjurer began the quest for the Orb.
     0 | D:1      | Reached XP level 1. HP: 13/13 MP: 3/3
   432 | D:1      | Reached XP level 2. HP: 19/19 MP: 3/5
   436 | D:1      | Learned a level 2 spell: Searing Ray
  1003 | D:1      | Reached XP level 3. HP: 24/24 MP: 5/7
  1469 | D:2      | Found a hazy altar of Hepliaklqana.
  2195 | D:2      | Noticed Sigmund
  2264 | D:2      | Killed Sigmund
  2264 | D:2      | Reached skill level 5 in Spellcasting
  2264 | D:2      | Reached XP level 4. HP: 8/30 MP: 1/11
  2264 | D:2      | Reached XP level 5. HP: 9/35 MP: 1/12
  2785 | D:2      | Learned a level 4 spell: Iskenderun's Mystic Blast
  2791 | D:2      | Learned a level 5 spell: Iskenderun's Battlesphere
  2922 | D:3      | Reached skill level 1 in Shields
  3134 | D:3      | Reached XP level 6. HP: 41/41 MP: 9/14
  3259 | D:3      | Noticed Natasha
  3267 | D:3      | Killed Natasha
  3371 | D:3      | Noticed Natasha
  3378 | D:3      | Killed Natasha
  3400 | D:3      | Noticed Natasha
  3406 | D:3      | Killed Natasha
  3848 | D:3      | Noticed Sanvar's ghost (amateur OpTm)
  3857 | D:3      | Killed Sanvar's ghost
  4194 | D:3      | Reached XP level 7. HP: 39/46 MP: 6/15
  4569 | D:4      | Reached skill level 4 in Conjurations
  4838 | D:4      | Noticed Eustachio
  4861 | D:4      | HP: 2/46 [ufetubus[Eustachio] (3)]
  5896 | D:4      | Found a staircase to the Ecumenical Temple.
  5906 | Temple   | Entered the Ecumenical Temple
  6223 | D:4      | Found a shadowy altar of Dithmenos.
  6223 | D:4      | Found a deep blue altar of Sif Muna.
  6228 | D:4      | Found an opulent altar of Gozag.
  6230 | D:4      | Found a bloodstained altar of Trog.
  6232 | D:4      | Found a faded altar of an unknown god.
  6630 | D:4      | Killed Eustachio
  6630 | D:4      | Reached skill level 5 in Conjurations
  6739 | D:5      | Entered Level 5 of the Dungeon
  6908 | D:5      | Reached XP level 8. HP: 52/52 MP: 12/16
  7431 | D:5      | Reached skill level 6 in Conjurations
  7548 | D:5      | Got a warped leather armour
  7585 | D:5      | Identified the +3 leather armour of Impressiveness {*Corrode +Fly Int+3 Dex+4} (You found it on level 5 of the Dungeon)
  7827 | D:6      | Found Wazayso's Food Shop.
  8318 | D:5      | Slain by an orc warrior

Skill      XL: |  1  2  3  4  5  6  7  8 |
---------------+-------------------------+-----
Spellcasting   | 3 5 |  5.8
Shields        | 1 4 |  4.0
Conjurations   | 5 6 |  6.1
Dodging        | |  1.5
Stealth        | |  1.5

Action                   |  1- 3 |  4- 6 |  7- 9 || total
-------------------------+-------+-------+-------++-------
Melee: Short sword       |     9 |    39 |    19 ||    67
 Cast: Magic Dart        |    67 |    50 |    45 ||   162
       Searing Ray       |     8 |    22 |    47 ||    77
       Iskenderun's Myst |       |       |     2 ||     2
  Use: Scroll            |     6 |       |     3 ||     9
 Stab: Sleeping          |       |     2 |       ||     2
Armor: Robe              |     1 |     9 |     9 ||    19
Dodge: Dodged            |    10 |    39 |    49 ||    98
Block: Buckler           |       |       |    20 ||    20
